 Dungeon Crawl Stone Soup version 0.21.1-1-g345015f (webtiles) character file.

2529 Mgcat the Fighter (level 9, -8/61 HPs)
             Began as a Gargoyle Gladiator on Mar 21, 2018.
             Was a Believer of Cheibriados.
             Mangled by Gastronok (22 damage)
             ... on level 8 of the Dungeon.
             The game lasted 00:15:34 (4579 turns).

Mgcat the Fighter (Gargoyle Gladiator)              Turns: 4579, Time: 00:15:35

Health: -8/61      AC: 16    Str: 23    XL:     9   Next: 54%
Magic:  6/9        EV:  9    Int: 16    God:    Cheibriados [**....]
Gold:   365        SH:  9    Dex: 16    Spells: 8/8 levels left

rFire    . . .     SeeInvis .   k - -1 flail (curse)
rCold    + + .     Gourm    .   r - +0 shield (curse)
rNeg     + . .     Faith    .   w - +0 ring mail
rPois    ∞         Spirit   .   c - +2 helmet
rElec    +         Reflect  .   g - +0 cloak
rCorr    .         Harm     .   (no gloves)
MR       .....                  (no boots)
Stlth    +.........             (no amulet)
HPRegen  0.20/turn              j - ring of ice {rC+, rF-}
MPRegen  0.11/turn              q - ring of protection from fire {rF+, !d}

@: slowed, very slow
A: clever 1, cold resistance 1, mutation resistance 1, negative energy
resistance 1, electricity resistance, unbreathing, petrification resistance, rot
immunity, AC +6
a: Bend Time, Renounce Religion


You were on level 8 of the Dungeon.
You worshipped Cheibriados.
Cheibriados was pleased with you.
You were not hungry.

You visited 2 branches of the dungeon, and saw 9 of its levels.

You collected 365 gold pieces.

Inventory:

Hand Weapons
 a - a +0 flail of crushing
 k - a cursed -1 flail (weapon)
   (You took it off an orc on level 4 of the Dungeon)
 l - a +2 dagger of draining
   (You took it off an orc wizard on level 4 of the Dungeon)
 x - a +0 vampiric trident {!w}
   (You took it off a gnoll sergeant on level 7 of the Dungeon)
Missiles
 d - 6 throwing nets {=f, !d}
 m - 4 tomahawks (quivered)
Armour
 b - a +0 leather armour
 c - a +2 helmet (worn)
 g - a +0 cloak (worn)
   (You found it on level 5 of the Dungeon)
 r - a cursed +0 shield (worn)
   (You found it on level 6 of the Dungeon)
 w - a +0 ring mail (worn)
   (You found it on level 7 of the Dungeon)
Jewellery
 j - a ring of ice (left hand) {rC+, rF-}
   (You found it on level 4 of the Dungeon)
 q - a ring of protection from fire (right hand) {rF+, !d}
   (You found it on level 6 of the Dungeon)
Wands
 h - a wand of paralysis (5)
   (You found it on level 4 of the Dungeon)
Scrolls
 e - 2 scrolls of identify
 n - 4 scrolls of teleportation
 v - a scroll of remove curse
Potions
 i - a potion of lignification {!q}
 p - a potion of mutation {!q}
 s - a potion of degeneration {unknown}
 t - a potion of flight {unknown}
 u - a potion of magic {unknown}
 z - a potion of might {unknown}
Comestibles
 f - 11 rations


   Skills:
 + Level 9.6 Fighting
 + Level 9.1 Maces & Flails
 - Level 1.7 Throwing
 + Level 2.4 Armour
 - Level 2.4 Dodging
 + Level 2.5 Shields


You had 8 spell levels left.
You didn't know any spells.

Dungeon Overview and Level Annotations

Branches:
Dungeon (8/15)             Temple (1/1) D:5
   Lair: D:8-11

Altars:
Cheibriados
Dithmenos
Fedhas
Nemelex Xobeh
Sif Muna
Trog
Yredelemnul
Zin
The Shining One

Shops:
D:5 %

Annotations:
D:8 Gastronok


Innate Abilities, Weirdness & Mutations

You are resistant to torment.
Your stone body is resilient. (AC +6)
You are immune to poison.
You resist negative energy. (rN+)
You are resistant to electric shocks. (rElec)
You can survive without breathing.
You are immune to petrification.
You are immune to rotting.
Your mind is acute. (Int +2)
Your flesh is cold resistant. (rC+)
You are somewhat resistant to further mutation.


Message History

You barely miss the killer bee.
The killer bee is severely wounded.
You block the killer bee's attack. The killer bee closely misses you.
You thump the killer bee!
You kill the killer bee!
Cheibriados thoroughly appreciates the change of pace.
HP restored.
Things that are here:
a killer bee corpse x2
Key pressed, stopping explore.
Unknown command.
There is a stone staircase leading down here.
You climb downwards.
There is a stone staircase leading up here.
n - 4 scrolls of teleportation (gained 1)
You now have 365 gold pieces (gained 4).
HP restored.
Marking area around Gastronok as unsafe for travelling.
Gastronok the Ponderous comes into view.
Gastronok gurgles horribly!
Unknown command.
Unknown command.
Unknown command.
Gastronok chants a spell, wobbling all the while.
You feel sluggish. Gastronok casts a spell at you.
You feel yourself slow down. Gastronok bites you!!
You sock Gastronok!
Gastronok is lightly wounded.
Gastronok chants a spell, wobbling all the while.
You thump Gastronok!
Gastronok is lightly wounded.
The bat barely misses you. The bat hits you but does no damage.
Gastronok's eyestalks quiver as he mumbles some strange words.
You hit Gastronok.
Gastronok is lightly wounded.
The bat disappears in a puff of smoke! x2; The bat barely misses you.
You block the bat's attack. x2; The bat barely misses you.
You sock Gastronok!
Gastronok is lightly wounded.
The bat hits you but does no damage. x3
The river rat bites you but does no damage.
You block Gastronok's attack.
You thump Gastronok!
Gastronok is moderately wounded.
You block the bat's attack. x2; The bat hits you.
The bat hits you but does no damage. The bat barely misses you.
The bat hits you but does no damage.
The river rat bites you but does no damage.
The bat hits you but does no damage.
Gastronok waves his eye-stalks in wide circles.
The air twists around and strikes you! The river rat barely misses you.
The bat barely misses you. You block the bat's attack.
You hit Gastronok.
Gastronok is moderately wounded.
The bat barely misses you. The bat hits you but does no damage.
You block the bat's attack. x2
The river rat bites you but does no damage.
Gastronok bites you!!
You sock Gastronok!
Gastronok is moderately wounded.
You block the bat's attack. The bat hits you but does no damage. x4
You block the river rat's attack. x2
Gastronok waves his eye-stalks in wide circles.
The air twists around and strikes you!
* * * LOW HITPOINT WARNING * * *
It was a potion of mutation.
You feel extremely strange.
You feel resistant to cold.
You feel clever.
You feel genetically stable. The bat hits you but does no damage.
You block the bat's attack. The bat barely misses you.
The bat hits you but does no damage. You block the river rat's attack.
The river rat bites you but does no damage.
Okay, then.
You fail to use your ability.
You block the bat's attack. The bat completely misses you.
The bat hits you but does no damage. The river rat closely misses you.
You block Gastronok's attack. The flow of time bends around you.
Cheibriados rebukes the river rat.
The river rat seems to slow down.
Gastronok easily resists.
Cheibriados rebukes the bat.
The bat seems to slow down.
You feel slightly more hungry. The bat misses you. You block the bat's attack.
The bat barely misses you. The bat hits you but does no damage.
The river rat barely misses you. The bat hits you but does no damage.
Gastronok looks at you while chanting.
You feel as though you will be slow longer.
The bat hits you but does no damage.
You hit Gastronok but do no damage.
Gastronok is moderately wounded.
You block the bat's attack. The bat closely misses you.
You block the bat's attack. You block the river rat's attack.
Gastronok mumbles some strange words.
Gastronok puts on a burst of speed!
You block the river rat's attack.
You sock Gastronok!
Gastronok is moderately wounded.
The bat hits you but does no damage. You block the bat's attack.
The bat completely misses you. The bat hits you but does no damage.
The river rat barely misses you. Gastronok bites you!!
You die...

..###......####......
...#..[.....##......##
.........##..#........
........####.....#....
...#.#..## ##.###..... .
#.##..####........# ...
##.#..............#
.....#rbb.........#....#
.......@.b......####...#
......w...##....# #...#
###...######....# #....
###. ##...# #.#.# #
#.... #..## ##... #.#
#.# ##


You could see Gastronok, a river rat and 3 bats.

Vanquished Creatures
  A spriggan (D:7)
  Sigmund (D:6)
  Duvessa (D:7)
  A necrophage (D:5)
  3 ogres
  A sky beast (D:7)
  A phantom (D:6)
  2 centaurs (D:7)
  A bullfrog (D:6)
  A big kobold (D:5)
  A gnoll sergeant (D:7)
  Dowan (D:7)
  2 scorpions
  5 killer bees (D:7)
  An electric eel (D:6)
  2 crimson imps
  A centaur zombie (D:6)
  A gnoll shaman (D:5)
  2 hounds
  An orc priest (D:4)
  A bullfrog skeleton (D:5)
  3 orc wizards (D:4)
  4 iguanas
  3 worker ants
  2 killer bee zombies (D:7)
  A hound skeleton (D:5)
  A worker ant zombie (D:5)
  Robin (D:2)
  12 gnolls
  8 adders
  An adder skeleton (D:5)
  A worm (D:5)
  3 dart slugs
  2 leopard geckos
  10 orcs
  A ball python (D:4)
  5 bats
  5 giant cockroaches
  8 goblins
  7 hobgoblins (D:2)
  4 jackals
  4 kobolds
  4 quokkas
  4 frilled lizards
  5 rats
130 creatures vanquished.

Notes
Turn   | Place    | Note
-------+----------+-------------------------------------------
     0 | D:1      | Mgcat the Gargoyle Gladiator began the quest for the Orb.
     0 | D:1      | Reached XP level 1. HP: 12/12 MP: 1/1
   105 | D:1      | Reached XP level 2. HP: 18/18 MP: 2/2
   358 | D:1      | Reached skill level 3 in Fighting
   469 | D:1      | Reached XP level 3. HP: 23/23 MP: 3/3
   723 | D:2      | Noticed Robin
   733 | D:2      | Killed Robin
   785 | D:4      | Reached skill level 4 in Maces & Flails
   785 | D:4      | Reached XP level 4. HP: 24/28 MP: 4/4
   914 | D:4      | Reached skill level 4 in Fighting
   914 | D:4      | Reached XP level 5. HP: 21/33 MP: 5/5
  1047 | D:4      | Reached skill level 5 in Maces & Flails
  1047 | D:4      | Reached XP level 6. HP: 38/40 MP: 6/6
  1069 | D:4      | HP: 6/40 [ogre/giant spiked club (17)]
  1072 | D:4      | Reached skill level 5 in Fighting
  1274 | D:4      | Found a blossoming altar of Fedhas.
  1527 | D:4      | Found a sparkling altar of Nemelex Xobeh.
  1619 | D:5      | Entered Level 5 of the Dungeon
  1790 | D:5      | Reached XP level 7. HP: 45/45 MP: 7/7
  1830 | D:5      | Reached skill level 6 in Fighting
  1830 | D:5      | Reached skill level 6 in Maces & Flails
  2097 | D:5      | Found Zoefuijun's Food Shoppe.
  2176 | D:5      | HP: 9/47 [big kobold/long sword (6)]
  2181 | D:5      | Reached skill level 7 in Fighting
  2181 | D:5      | Reached XP level 8. HP: 11/53 MP: 8/8
  2387 | D:5      | Found a glowing silver altar of Zin.
  2401 | D:5      | Reached skill level 7 in Maces & Flails
  2519 | D:5      | Found a bloodstained altar of Trog.
  2549 | D:5      | Found a staircase to the Ecumenical Temple.
  2576 | Temple   | Entered the Ecumenical Temple
  2599 | Temple   | Became a worshipper of Cheibriados the Contemplative
  3098 | D:6      | Found a shadowy altar of Dithmenos.
  3111 | D:6      | Reached skill level 8 in Fighting
  3231 | D:6      | Noticed Sigmund
  3262 | D:6      | Killed Sigmund
  3262 | D:6      | Reached skill level 8 in Maces & Flails
  3351 | D:7      | Reached * piety under Cheibriados
  3355 | D:7      | Noticed Dowan
  3357 | D:7      | Noticed Duvessa
  3372 | D:7      | Killed Duvessa
  3390 | D:7      | HP: 10/56 [Dowan/stone arrow (6)]
  3391 | D:7      | Reached XP level 9. HP: 10/60 MP: 9/9
  3395 | D:7      | HP: 10/60 [Dowan/stone arrow (3)]
  3586 | D:7      | Reached skill level 9 in Fighting
  3595 | D:7      | Killed Dowan
  4027 | D:7      | Reached skill level 1 in Armour
  4027 | D:7      | Reached skill level 1 in Shields
  4036 | D:7      | Reached skill level 9 in Maces & Flails
  4086 | D:7      | Reached ** piety under Cheibriados
  4086 | D:7      | Reached skill level 2 in Armour
  4086 | D:7      | Reached skill level 2 in Shields
  4563 | D:8      | Noticed Gastronok
  4574 | D:8      | HP: 12/61 [Gastronok/the air (8)]
  4575 | D:8      | Gained mutation: Your flesh is cold resistant. (rC+) [potion of mutation]
  4575 | D:8      | Gained mutation: Your mind is acute. (Int +2) [potion of mutation]
  4575 | D:8      | Gained mutation: You are somewhat resistant to further mutation. [potion of mutation]
  4579 | D:8      | Mangled by Gastronok

Skill      XL: |  1  2  3  4  5  6  7  8  9 |
---------------+----------------------------+-----
Fighting       | 3 4 5 7 8 9 |  9.6
Maces & Flails | 4 5 6 8 9 |  9.1
Armour         | 2 |  2.4
Shields        | 2 |  2.5
Throwing       | |  1.7
Dodging        | |  2.4

Action                   |  1- 3 |  4- 6 |  7- 9 || total
-------------------------+-------+-------+-------++-------
Melee: Flail             |   161 |   123 |   409 ||   693
Throw: Tomahawk          |       |       |     3 ||     3
Invok: Bend Time         |       |       |     1 ||     1
  Use: Scroll            |     4 |     5 |     2 ||    11
       Potion            |       |     2 |     2 ||     4
  Eat: Chunk             |       |     3 |     8 ||    11
Armor: Leather armour    |    94 |    66 |   121 ||   281
       Ring mail         |       |       |   118 ||   118
Dodge: Dodged            |   159 |    62 |   233 ||   454
Block: Shield            |       |       |   136 ||   136

Vault maps used:
D:1:      grunt_arrival_lava_bath, hangedman_feature_mirror
D:2:      uniq_robin
D:3:      overflow_temple_1_default, marbit_many_paths, first_ration,
          uniq_jessica, uniq_ijyb
D:4:      kennysheep_goblin_castle, nemelex_altar_shiori, fedhas_altar_1
D:5:      cheibrodos_fzero, kennysheep_mini_moat, lightli_temple_of_fire,
          temple_pool_b, serial_shops, shop
D:6:      grunt_dithmenos_shadows, serial_bayou_lagoon_a, serial_bayou_crossing,
          uniq_sigmund
D:7:      the_bakery, uniq_duvessa
D:8:      erik_lair_orcish_takeover, serial_shops, nicolae_shop_statue_plus,
          uniq_gastronok
Temple:   kb_temple_of_zot

Table legend:
 A = Turns spent in this place as a percentage of turns spent in the entire game.
 B = Non-inter-level travel turns spent in this place as a percentage of non-inter-level travel turns spent in the entire game.
 C = Inter-level travel turns spent in this place as a percentage of turns spent in this place.
 D = Turns resting spent in this place as a percentage of non-inter-level travel turns spent in this place.
 E = Turns spent auto-exploring this place as a percentage of non-inter-level travel turns spent in this place.
 F = Non-inter-level travel turns spent in this place divided by the number of levels of this place that you've seen.
                   A       B       C       D       E      F
               +-------+-------+-------+-------+-------+----------------------
         Total | 100.0 | 100.0 |   0.8 |   0.3 |  69.2 | 504.8
       Dungeon |  99.3 |  99.3 |   0.8 |   0.3 |  69.6 | 564.1
        Temple |   0.7 |   0.7 |   0.0 |   0.0 |   0.0 |  30.0
               +-------+-------+-------+-------+-------+----------------------

Table legend:
 A = Kills in this place as a percentage of kills in entire the game.
 B = Kills by you in this place as a percentage of kills by you in the entire game.
 C = Kills by friends in this place as a percentage of kills by friends in the entire game.
 D = Other kills in this place as a percentage of other kills in the entire game.
 E = Experience gained in this place as a percentage of experience gained in the entire game.
 F = Experience gained in this place divided by the number of levels of this place that you have seen.
                   A       B       C       D       E      F
               +-------+-------+-------+-------+-------+----------------------
         Total | 100.0 | 100.0 |   N/A |   N/A | 100.0 | 401.4
       Dungeon | 100.0 | 100.0 |   N/A |   N/A | 100.0 | 451.6
               +-------+-------+-------+-------+-------+----------------------
